[Event "RUS-ch Blitz 2021"]
[Site "Sochi"]
[Date "2021.10.11"]
[Round "7.21"]
[White "Gavrilov, Oleg"]
[Black "Zubritskiy, Artyom"]
[Result "1/2-1/2"]
[ECO "A10"]
[WhiteElo "2356"]
[BlackElo "2442"]
[Annotator "NA"]
[PlyCount "43"]
[EventDate "2021.10.11"]
[EventType "blitz"]
[EventCountry "RUS"]
[SourceTitle "playchess.com"]
[Source "ChessBase"]
[SourceQuality "1"]
[TimeControl "180+2"]

1. c4 b6 2. Nc3 Bb7 3. e4 e6 4. g3 f5 5. Bg2 Nf6 6. Qc2 Bb4 7. Nge2 O-O 8. O-O Bxc3 9. Nxc3 fxe4 10. Nxe4 Bxe4 11. Bxe4 Nxe4 12. Qxe4 Nc6 13. d4 Qf6 14. Be3 Qf5 15. Qxf5 Rxf5 16. f4 Raf8 17. b3 Ne7 18. Rac1 R5f7 19. Rfe1 g6 20. Kg2 Nf5 21. Bg1 Ne7 22. Re3 1/2-1/2

[Event "RUS-ch Blitz 2021"]
[Site "Sochi"]
[Date "2021.10.11"]
[Round "7.22"]
[White "Bologan, Victor"]
[Black "Shcherbin, Matvei"]
[Result "1-0"]
[ECO "A08"]
[WhiteElo "2574"]
[BlackElo "2366"]
[Annotator "ChessBase"]
[PlyCount "65"]
[EventDate "2021.10.11"]
[EventType "blitz"]
[EventCountry "RUS"]
[SourceTitle "playchess.com"]
[Source "ChessBase"]
[SourceQuality "1"]
[TimeControl "180+2"]

1. e4 c5 2. Nf3 e6 3. d3 Nc6 4. g3 g6 5. Bg2 Bg7 6. O-O Nge7 7. c3 d5 8. Qe2 O-O 9. e5 d4 10. c4 Rb8 11. Bf4 a6 12. Nbd2 b5 13. Ne4 bxc4 14. dxc4 Qb6 15. Rab1 Bb7 16. h4 Nb4 17. Nf6+ Kh8 18. Nd7 Qc7 19. Nxf8 Rxf8 20. a3 Nbc6 21. b4 cxb4 22. axb4 Rd8 23. Rfd1 Qb6 24. Qd2 h5 25. b5 axb5 26. Rxb5 Qa7 27. Qb2 Ba8 28. Bg5 Rd7 29. Ra1 Qc7 30. Rxa8+ Kh7 31. Bxe7 Rxe7 32. Ng5+ Kh6 33. Qd2 1-0

[Event "RUS-ch Blitz 2021"]
[Site "Sochi"]
[Date "2021.10.11"]
[Round "7.23"]
[White "Bryakin, Mikhail"]
[Black "Khegay, Dmitriy"]
[Result "1-0"]
[ECO "E60"]
[WhiteElo "2498"]
[BlackElo "2521"]
[Annotator "ChessBase"]
[PlyCount "67"]
[EventDate "2021.10.11"]
[EventType "blitz"]
[EventCountry "RUS"]
[SourceTitle "playchess.com"]
[Source "ChessBase"]
[SourceQuality "1"]
[TimeControl "180+2"]

1. d4 d6 2. Nf3 Nf6 3. c4 g6 4. g3 Bg7 5. Bg2 O-O 6. O-O Bf5 7. Nc3 Ne4 8. Qb3 Nxc3 9. bxc3 Be4 10. a4 c5 11. e3 Nc6 12. Nd2 Bxg2 13.
Kxg2 Na5 14. Qa2 Rc8 15. Rb1 b6 16. Bb2 e6 17. d5 Qd7 18. e4 f5 19. Rbe1 Rce8 20. f3 Bh6 21. Nb1 fxe4 22. f4 e5 23. Nd2 e3 24. Rxe3 exf4 25. Rxe8 Qxe8 26. Nf3 fxg3 27. hxg3 Qe2+ 28. Rf2 Qxc4 29. Qb1 Qxd5 30. Bc1 Bxc1 31. Qxc1 Nc4 32. Qh6 Rxf3 33. Rxf3 Ne5 34. Qf8# 1-0

[Event "RUS-ch Blitz 2021"]
[Site "Sochi"]
[Date "2021.10.11"]
[Round "7.24"]
[White "Grebnev, Aleksey"]
[Black "Nesterov, Arseniy"]
[Result "1-0"]
[ECO "C55"]
[WhiteElo "2469"]
[BlackElo "2514"]
[Annotator "ChessBase"]
[PlyCount "133"]
[EventDate "2021.10.11"]
[EventType "blitz"]
[EventCountry "RUS"]
[SourceTitle "playchess.com"]
[Source "ChessBase"]
[SourceQuality "1"]
[TimeControl "180+2"]

1. e4 e5 2. Bc4 Nc6 3. d3 Nf6 4. Nc3 Na5 5. Bb3 Nxb3 6. axb3 d6 7. Nf3 Be7 8. O-O O-O 9. h3 b6 10. Ne2 Bb7 11. Ng3 g6 12. Bh6 Re8 13.
Re1 Nd7 14. Qd2 a5 15. Kh2 Bf6 16. Bg5 Nc5 17. Bxf6 Qxf6 18. b4 axb4 19. Qxb4 Ne6 20. Ne2 Nf4 21. Nxf4 Qxf4+ 22. Kg1 Rxa1 23. Rxa1 d5 24. Qb5 Rd8 25. Re1 dxe4 26. Qxe5 Qxe5 27. Nxe5 f6 28. Ng4 exd3 29. cxd3 Kf7 30. Re3 Ba6 31. Rf3 Rd6 32. Ne5+ Ke6 33. Nc4 Rd4 34. b3 Rd5 35. Kf1 Rb5 36. Nd2 Ra5 37. Ke2 Ra2 38. Ke3 Bb7 39. Rg3 f5 40. h4 Kf6 41. d4 h6 42. Kd3 f4 43. Rg4 g5 44. hxg5+ hxg5 45. f3 Ra8 46. g3 fxg3 47. Rxg3 Kf5 48. Rg1 Re8 49. Rc1 Re7 50. Rg1 Ba6+ 51. Kc2 Re3 52. Rg3 Bb7 53. Kb2 Bd5 54. Kc2 b5 55. Kb2 b4 56. Kc2 c6 57. Kb2 Rd3 58. Kc2 Rxd4 59. Rg1 Rf4 60.
Rg3 c5 61. Kd3 Rd4+ 62. Ke3 Bc6 63. Rg1 Rd7 64. Rc1 Re7+ 65.
Kf2 Re5 66. Nc4 Rd5 67. Ne3+ 1-0

[Event "RUS-ch Blitz 2021"]
[Site "Sochi"]
[Date "2021.10.11"]
[Round "8.2"]
[White "Timofeev, Artyom"]
[Black "Iljiushenok, Ilia"]
[Result "0-1"]
[ECO "A24"]
[WhiteElo "2586"]
[BlackElo "2554"]
[Annotator "ChessBase"]
[PlyCount "136"]
[EventDate "2021.10.11"]
[EventType "blitz"]
[EventCountry "RUS"]
[SourceTitle "playchess.com"]
[Source "ChessBase"]
[SourceQuality "1"]
[TimeControl "180+2"]

1. c4 Nf6 2. Nc3 g6 3. g3 Bg7 4. Bg2 O-O 5. d3 d6 6. Nf3 e5 7. O-O c6 8. h3 h6 9. e4 Nbd7 10. Be3 a6 11. Qd2 Kh7 12. Rfe1 b5 13.
b3 b4 14. Ne2 c5 15. g4 Ne8 16. a3 Rb8 17. axb4 Rxb4 18. Qc2 Nc7 19. Ra4 Rb8 20. Nc3 Ne6 21. Nd5 Nb6 22. Ra2 Nxd5 23. cxd5 Nd4 24. Nxd4 exd4 25. Bf4 Re8 26. Raa1 Qb6 27. Qd2 Bd7 28. Qa5 Bf8 29. Qxa6 Qxa6 30. Rxa6 Rxb3 31. Bxd6 Bc8 32. Rc6 Bb7 33.
Bxf8 Bxc6 34. Bxc5 Bxd5 35. Ra1 Be6 36. Bf1 Rd8 37. Ra4 Rb1 38.
Kg2 f5 39. Ra7+ Rd7 40. Rxd7+ Bxd7 41. gxf5 gxf5 42. exf5 Bxf5 43. Bxd4 Bxh3+ 44. Kxh3 Rxf1 45. Be3 Rg1 46.
Kh2 Rg8 47. d4 h5 48. Kh3 Rg4 49. Kh2 Kg6 50. Kh3 Kf5 51. Kh2 Rg8 52. Kh3 Re8 53. Kh4 Kg6 54. Kh3 Re4 55. Kg2 Kf5 56. Kh3 Kf6 57. Kh2 Kg6 58. Kg2 h4 59. Kh3 Kh5 60. d5 Re5 61. d6 Rd5 62. f3 Rd3 63.
d7 Rxd7 64. Bf2 Rd1 65. Kg2 Rd2 66. Kg1 Ra2 67. Be1 Kg5 68.
Kh1 Ra1 0-1

[Event "RUS-ch Blitz 2021"]
[Site "Sochi"]
[Date "2021.10.11"]
[Round "8.3"]
[White "Pridorozhni, Aleksei"]
[Black "Vastrukhin, Oleg"]
[Result "1-0"]
[ECO "C01"]
[WhiteElo "2564"]
[BlackElo "2382"]
[Annotator "ChessBase"]
[PlyCount "55"]
[EventDate "2021.10.11"]
[EventType "blitz"]
[EventCountry "RUS"]
[SourceTitle "playchess.com"]
[Source "ChessBase"]
[SourceQuality "1"]
[TimeControl "180+2"]

1. e4 e6 2. d4 d5 3. Nc3 Bb4 4. exd5 exd5 5. Bd3 Ne7 6. Qh5 Nbc6 7. a3 Bd6 8. Nge2 Be6 9. h3 Qd7 10. Nb5 O-O-O 11. Nxd6+ Qxd6 12. c3 g6 13. Qf3 Bf5 14. Bf4 Qd7 15. b4 Rde8 16. O-O f6 17. Rfe1 h5 18. Bh2 g5 19. Bxf5 Nxf5 20. Ng3 Nxg3 21. Bxg3 h4 22. Bh2 Rxe1+ 23. Rxe1 Re8 24. Rxe8+ Qxe8 25. g3 hxg3 26. Bxg3 Qe6 27. Qh5 Ne7 28. Qe8# 1-0

[Event "RUS-ch Blitz 2021"]
[Site "Sochi"]
[Date "2021.10.11"]
[Round "8.4"]
[White "Alekseev, Evgeny"]
[Black "Savchenko, Boris"]
[Result "1/2-1/2"]
[ECO "B52"]
[WhiteElo "2602"]
[BlackElo "2535"]
[Annotator "ChessBase"]
[PlyCount "53"]
[EventDate "2021.10.11"]
[EventType "blitz"]
[EventCountry "RUS"]
[SourceTitle "playchess.com"]
[Source "ChessBase"]
[SourceQuality "1"]
[TimeControl "180+2"]

1. e4 c5 2. Nf3 d6 3. Bb5+ Bd7 4. Bxd7+ Qxd7 5. c4 g6 6. d4 cxd4 7. Nxd4 Bg7 8. Nc3 Nc6 9. Be3 Nf6 10. f3 O-O 11. O-O Rac8 12. b3 a6 13.
Qd3 Qd8 14. Rac1 Nd7 15. Rfd1 Nc5 16. Qd2 Ne5 17. Qe2 h5 18. Nd5 e6 19. Nc3 Qe7 20. Rc2 Rfd8 21. Rcd2 Kh7 22. Rc2 Bf6 23. Qd2 Ned3 24. Qe2 Ne5 25. Qd2 Ned3 26. Qe2 Ne5 27. Ra1 1/2-1/2

[Event "RUS-ch Blitz 2021"]
[Site "Sochi"]
[Date "2021.10.11"]
[Round "8.5"]
[White "Trushnikov, Sergey"]
[Black "Antipov, Mikhail Al."]
[Result "0-1"]
[ECO "C47"]
[WhiteElo "2525"]
[BlackElo "2619"]
[Annotator "ChessBase"]
[PlyCount "68"]
[EventDate "2021.10.11"]
[EventType "blitz"]
[EventCountry "RUS"]
[SourceTitle "playchess.com"]
[Source "ChessBase"]
[SourceQuality "1"]
[TimeControl "180+2"]

1. e4 e5 2. Nf3 Nc6 3. Nc3 Nf6 4. d4 exd4 5. Nxd4 Bb4 6.
Nxc6 bxc6 7. Bd3 d5 8. exd5 cxd5 9. O-O O-O 10. Bg5 c6 11.
Qf3 Be7 12. Rae1 h6 13. Bf4 Nd7 14. Qe3 Bg5 15. Bxg5 Qxg5 16. Qxg5 hxg5 17. Na4 Rd8 18. f4 g4 19. Bf5 Nb6 20. Nxb6 axb6 21. Bxc8 Rdxc8 22. a3 Re8 23. Kf2 Kf8 24. Kg3 f5 25. Kf2 Re4 26.
Rxe4 dxe4 27. Rd1 Ke7 28. Rd4 c5 29. Rd2 Rh8 30. Kg1 Ke6 31.
g3 b5 32. Rd1 Ra8 33. Kf2 Ra4 34. Ke3 b4 0-1

[Event "RUS-ch Blitz 2021"]
[Site "Sochi"]
[Date "2021.10.11"]
[Round "8.6"]
[White "Murzin, Volodar"]
[Black "Petrov, Nikita"]
[Result "0-1"]
[ECO "B40"]
[WhiteElo "2513"]
[BlackElo "2539"]
[Annotator "ChessBase"]
[PlyCount "94"]
[EventDate "2021.10.11"]
[EventType "blitz"]
[EventCountry "RUS"]
[SourceTitle "playchess.com"]
[Source "ChessBase"]
[SourceQuality "1"]
[TimeControl "180+2"]

1. e4 c5 2. Nf3 e6 3. g3 Nc6 4. Bg2 Nf6 5. Qe2 e5 6. O-O d6 7. Nc3 Be7 8. Nd5 Be6 9. Ne1 O-O 10. c3 Kh8 11. Nc2 Bg4 12. Qe1 Nxd5 13. exd5 Nb8 14. Ne3 Bh5 15. d3 Nd7 16. Nf5 Bg6 17. Nxe7 Qxe7 18. Qe2 b5 19. a4 b4 20. cxb4 cxb4 21. Be3 f5 22. Rac1 Nf6 23. a5 Bh5 24. Qd2 f4 25.
gxf4 Ng4 26. h3 exf4 27. hxg4 fxe3 28. Qxe3 Qxe3 29. fxe3 Bxg4 30. Rxf8+ Rxf8 31. Rc7 Be2 32. d4 g5 33. Rxa7 h5 34. e4 g4 35. e5 h4 36. Be4 h3 37. Kh2 Bf3 38. Bd3 dxe5 39. dxe5 Bxd5 40. Bb1 Rf2+ 41. Kg3 Rg2+ 42. Kf4 h2 43. Rh7+ Kg8 44. a6 Rxb2 45.
Bg6 h1=Q 46. Rxh1 Bxh1 47. e6 Kf8 0-1

[Event "RUS-ch Blitz 2021"]
[Site "Sochi"]
[Date "2021.10.11"]
[Round "8.7"]
[White "Sakaev, Konstantin"]
[Black "Riazantsev, Alexander"]
[Result "1-0"]
[ECO "D46"]
[WhiteElo "2603"]
[BlackElo "2634"]
[Annotator "ChessBase"]
[PlyCount "73"]
[EventDate "2021.10.11"]
[EventType "blitz"]
[EventCountry "RUS"]
[SourceTitle "playchess.com"]
[Source "ChessBase"]
[SourceQuality "1"]
[TimeControl "180+2"]

1. d4 Nf6 2. c4 e6 3. Nc3 Bb4 4. e3 O-O 5. Bd3 d5 6. a3 Be7 7. Nf3 Nbd7 8. O-O dxc4 9. Bxc4 c5 10. Qe2 a6 11. dxc5 Bxc5 12. e4 b5 13. Ba2 Bb7 14. e5 Bxf3 15. gxf3 Nh5 16. f4 Qh4 17. Qf3 Bb6 18. Ne4 Nc5 19. Nd6 g6 20. Be3 Na4 21. b4 Bxe3 22. fxe3 Nc3 23. Bb3 a5 24. Rac1 axb4 25. axb4 Nd5 26. Bxd5 exd5 27. Rc2 Ra3 28. Nxb5 Rb3 29. Nd4 Rxb4 30. Qxd5 Nxf4 31. Rxf4 Qe1+ 32. Kg2 Rb1 33. Qf3 Qg1+ 34. Kh3 Qg5 35. e6 Rg1 36. Rg2 Qh6+ 37. Rh4 1-0

[Event "RUS-ch Blitz 2021"]
[Site "Sochi"]
[Date "2021.10.11"]
[Round "8.9"]
[White "Makarian, Rudik"]
[Black "Sarana, Alexey"]
[Result "0-1"]
[ECO "D38"]
[WhiteElo "2470"]
[BlackElo "2649"]
[Annotator "ChessBase"]
[PlyCount "70"]
[EventDate "2021.10.11"]
[EventType "blitz"]
[EventCountry "RUS"]
[SourceTitle "playchess.com"]
[Source "ChessBase"]
[SourceQuality "1"]
[TimeControl "180+2"]

1. d4 Nf6 2. c4 e6 3. Nf3 d5 4. Nc3 Bb4 5. Qa4+ Nc6 6. a3 Bxc3+ 7. bxc3 Ne4 8.
Bf4 Nxc3 9. Qc2 Ne4 10. e3 g5 11. Bg3 h5 12. h4 g4 13. Ng5 Nxg3 14. fxg3 Qd6 15. Qf2 f5 16. Bd3 Ne7 17. O-O c6 18. Kh2 Bd7 19. Qb2 b6 20. e4 dxe4 21. Bxe4 O-O 22. Bc2 Ng6 23. Rae1 Rae8 24. c5 Qb8 25. Bb3 f4 26. Qc2 fxg3+ 27. Kg1 Kg7 28. Qd3 Rxf1+ 29. Rxf1 Rf8 30. Bxe6 Rxf1+ 31. Qxf1 Be8 32. Ne4 Qd8 33. d5 cxd5 34. Qa1+ d4 35. Nd6 bxc5 0-1

[Event "RUS-ch Blitz 2021"]
[Site "Sochi"]
[Date "2021.10.11"]
[Round "8.10"]
[White "Khanin, Semen"]
[Black "Lysyj, Igor"]
[Result "1-0"]
[ECO "D41"]
[WhiteElo "2521"]
[BlackElo "2603"]
[Annotator "ChessBase"]
[PlyCount "63"]
[EventDate "2021.10.11"]
[EventType "blitz"]
[EventCountry "RUS"]
[SourceTitle "playchess.com"]
[Source "ChessBase"]
[SourceQuality "1"]
[TimeControl "180+2"]

1. d4 Nf6 2. c4 e6 3. Nf3 d5 4. Nc3 c5 5. cxd5 Nxd5 6. e4 Nxc3 7. bxc3 cxd4 8.
cxd4 Bb4+ 9. Bd2 Bxd2+ 10. Qxd2 O-O 11. Bc4 Nd7 12. O-O b6 13. Rad1 Bb7 14. Rfe1 Rc8 15. Bb3 Nf6 16. Qf4 Qc7 17. Ne5 Rfd8 18. g4 b5 19. g5 Ne8 20. Rd3 Nd6 21. Rh3 Qa5 22. Re2 Qa3 23.
Qh4 Qc1+ 24. Kg2 Kf8 25. Rf3 Rc3 26. g6 f6 27. Rxf6+ gxf6 28. Qxf6+ Ke8 29. Qxe6+ Kf8 30. Qf6+ Ke8 31. Bf7+ Kf8 32. g7# 1-0

[Event "RUS-ch Blitz 2021"]
[Site "Sochi"]
[Date "2021.10.11"]
[Round "8.11"]
[White "Gutenev, Alexander"]
[Black "Kobalia, Mikhail"]
[Result "1-0"]
[ECO "B10"]
[WhiteElo "2455"]
[BlackElo "2600"]
[Annotator "ChessBase"]
[PlyCount "78"]
[EventDate "2021.10.11"]
[EventType "blitz"]
[EventCountry "RUS"]
[SourceTitle "playchess.com"]
[Source "ChessBase"]
[SourceQuality "1"]
[TimeControl "180+2"]

1. e4 c6 2. Nf3 d5 3. d3 g6 4. e5 Bg7 5. d4 f6 6. exf6 Nxf6 7. h3 O-O 8. Bd3 c5 9. c3 Nc6 10. O-O Qb6 11. Na3 cxd4 12. cxd4 Nxd4 13. Nxd4 Qxd4 14. Nb5 Qh4 15. Qe2 Ne4 16. Nc7 Bxh3 17. gxh3 Qxh3 18. Bxe4 dxe4 19. Qxe4 Rf5 20. Qg2 Qxg2+ 21. Kxg2 Rc8 22. Ne6 Bf6 23. Be3 Rc2 24. Nd4 Bxd4 25. Bxd4 a6 26. Rac1 Rxc1 27. Rxc1 Rd5 28. Be3 Rd7 29. Kf3 Kf7 30. Ke4 Ke6 31. a4 h5 32. b4 Kf7 33. b5 axb5 34. axb5 Kf6 35. b6 h4 36. Rh1 g5 37. Rg1 Ke6 38. Rxg5 Rd1 39. Rh5 Rh1 1-0

[Event "RUS-ch Blitz 2021"]
[Site "Sochi"]
[Date "2021.10.11"]
[Round "8.12"]
[White "Rozum, Ivan"]
[Black "Bryakin, Mikhail"]
[Result "1-0"]
[ECO "A07"]
[WhiteElo "2529"]
[BlackElo "2498"]
[Annotator "ChessBase"]
[PlyCount "137"]
[EventDate "2021.10.11"]
[EventType "blitz"]
[EventCountry "RUS"]
[SourceTitle "playchess.com"]
[Source "ChessBase"]
[SourceQuality "1"]
[TimeControl "180+2"]

1. b3 d5 2. Bb2 Nf6 3. Nf3 Bf5 4. Nh4 Bc8 5. d3 c6 6. Nd2 g6 7. g3 Bg7 8. Bg2 O-O 9. O-O Nbd7 10. Nhf3 Re8 11. e4 e5 12. Re1 d4 13.
Nc4 Qc7 14. a4 b5 15. Ncd2 Bb7 16. c3 dxc3 17. Bxc3 a6 18. Qc2 c5 19. Rec1 Qd6 20. Nf1 Bh6 21. Rd1 Bc6 22. Qb2 Nh5 23. Ne3 Bg7 24. Ng4 f6 25. Ne3 Kh8 26. b4 cxb4 27. Bxb4 Qb8 28. axb5 axb5 29. Rac1 Ra6 30. Nd2 Bf8 31. Bxf8 Nxf8 32. Nb3 Ne6 33. d4 exd4 34. Nxd4 Nxd4 35. Qxd4 Qe5 36. Qxe5 fxe5 37. Rd6 Bb7 38. Rd7 Bc8 39. Rdc7 Ra8 40. Nd5 Rb8 41. Bf3 Ng7 42. Be2 b4 43. Bc4 Bh3 44. Bb3 Ne6 45.
Ra7 Rec8 46. Rca1 Rf8 47. Re7 Rbe8 48. Rxe8 Rxe8 49. Nxb4 Nd4 50. Bd5 Rb8 51. Nd3 Nf3+ 52. Kh1 Kg7 53. Rd1 g5 54. Ba2 Ra8 55. Bd5 Rb8 56. Bc6 g4 57. Bd7 Kf6 58. Bf5 h5 59. Ne1 Rb2 60. Nxf3 Rxf2 61. Nh4 Kg5 62. Kg1 Rb2 63. Ng6 Kf6 64. Rd6+ Kg7 65. Nxe5 Rg2+ 66. Kh1 Rf2 67. Rd1 Kf6 68. Nd3 Re2 69. Nf4 1-0

[Event "RUS-ch Blitz 2021"]
[Site "Sochi"]
[Date "2021.10.11"]
[Round "8.13"]
[White "Popov, Valerij"]
[Black "Mikhailovsky, Vladimir"]
[Result "0-1"]
[ECO "D30"]
[WhiteElo "2537"]
[BlackElo "2184"]
[Annotator "ChessBase"]
[PlyCount "58"]
[EventDate "2021.10.11"]
[EventType "blitz"]
[EventCountry "RUS"]
[SourceTitle "playchess.com"]
[Source "ChessBase"]
[SourceQuality "1"]
[TimeControl "180+2"]

1. Nf3 e6 2. c4 d5 3. d4 Nf6 4. e3 a6 5. b3 b6 6. Bd3 Bb7 7. O-O Bd6 8. cxd5 exd5 9. Ba3 O-O 10. Bxd6 Qxd6 11. Nc3 Nbd7 12. Rc1 h6 13. Qc2 c5 14. dxc5 bxc5 15. Rfd1 Rac8 16. Bf5 Rc7 17. Na4 d4 18. Nxd4 Rfc8 19. Nf3 Qe7 20. Nb2 Bxf3 21. gxf3 Rb8 22. f4 Nb6 23. Nd3 c4 24. Ne5 c3 25. Nc4 Nbd5 26. a3 Rcb7 27. Bh3 Rxb3 28. Bg2 Nc7 29. Ne5 Qxa3 0-1

[Event "RUS-ch Blitz 2021"]
[Site "Sochi"]
[Date "2021.10.11"]
[Round "8.14"]
[White "Shubin, Kirill"]
[Black "Bocharov, Dmitry"]
[Result "1-0"]
[ECO "B40"]
[WhiteElo "2463"]
[BlackElo "2517"]
[Annotator "ChessBase"]
[PlyCount "137"]
[EventDate "2021.10.11"]
[EventType "blitz"]
[EventCountry "RUS"]
[SourceTitle "playchess.com"]
[Source "ChessBase"]
[SourceQuality "1"]
[TimeControl "180+2"]

1. e4 c5 2. Nf3 e6 3. g3 Nc6 4. Bg2 Nf6 5. Qe2 e5 6. O-O Be7 7. d3 O-O 8. c4 d6 9. Nc3 a6 10. a4 Rb8 11. h3 Bd7 12. Bd2 Nd4 13. Nxd4 cxd4 14. Nd5 Nxd5 15. exd5 a5 16. b4 axb4 17. Bxb4 b6 18. a5 Ra8 19. axb6 Qxb6 20. Rab1 Rfb8 21. Rb2 Qc7 22. Rfb1 g6 23. Kh2 Kg7 24. f4 Bf6 25. fxe5 Bxe5 26. Bd2 Rxb2 27. Rxb2 Re8 28. Qf2 Bf5 29. Bf1 h5 30. h4 Qa7 31. Bf4 Bxf4 32. Qxf4 Re5 33. Rf2 Kg8 34. Qc1 Re3 35. Qb1 Qe7 36. Qb6 Qe5 37. Qd8+ Kg7 38. Qg5 Bxd3 39. Qxe5+ dxe5 40. Bxd3 Rxd3 41. d6 Kf8 42. c5 Rc3 43. Ra2 Ke8 44. Ra8+ Kd7 45. Ra7+ Kd8 46. Ra8+ Kd7 47. Ra7+ Ke6 48. Re7+ Kf6 49. Re8 Rxc5 50. d7 Rd5 51. d8=Q+ Rxd8 52. Rxd8 Kf5 53. Kg2 Ke4 54. Rd7 f6 55. Rd6 Kf5 56. Kf2 g5 57. hxg5 Kxg5 58. Kf3 Kf5 59. Rd5 Ke6 60. Ra5 Kf5 61. Rb5 Ke6 62. Ke4 f5+ 63. Kf3 Kf6 64. Rb6+ Kg5 65. Rd6 e4+ 66. Kf2 d3 67. Ke3 Kg4 68. Rg6+ Kh3 69. Rg5 1-0

[Event "RUS-ch Blitz 2021"]
[Site "Sochi"]
[Date "2021.10.11"]
[Round "8.15"]
[White "Demidov, Mikhail"]
[Black "Samusenko, Maksim"]
[Result "1/2-1/2"]
[ECO "A49"]
[WhiteElo "2551"]
[BlackElo "2461"]
[Annotator "ChessBase"]
[PlyCount "125"]
[EventDate "2021.10.11"]
[EventType "blitz"]
[EventCountry "RUS"]
[SourceTitle "playchess.com"]
[Source "ChessBase"]
[SourceQuality "1"]
[TimeControl "180+2"]

1. Nf3 Nf6 2. g3 d6 3. d4 g6 4. b3 Bg7 5. Bb2 O-O 6. Bg2 c5 7. O-O cxd4 8. Nxd4 d5 9. c4 dxc4 10. Na3 cxb3 11. axb3 Nc6 12. Nxc6 bxc6 13. Nc4 Be6 14. Na5 Bd5 15. Nxc6 Bxc6 16. Bxc6 Rb8 17. Qxd8 Rfxd8 18. Rxa7 Rxb3 19. Ba3 e6 20. Bf3 Bf8 21. Bc1 h6 22. Be3 Rbb8 23. Kg2 Kg7 24. Rfa1 Bd6 25. R1a6 g5 26. h3 Kg6 27. g4 Be5 28. Rc6 Bd4 29. Bxd4 Rxd4 30. Rcc7 Rf8 31. e3 Rb4 32. Bd1 Nd5 33. Rc6 Rb2 34. Kf3 Nf6 35. Bc2+ Kg7 36. Bd3 Kg8 37. Rcc7 Rb6 38. Be4 Nxe4 39. Kxe4 Kg7 40. Kf3 Rb5 41. Rc6 Kf6 42. Rcc7 Rd5 43. Kg3 Rb5 44. h4 Kg6 45. h5+ Kf6 46. Rc4 Rb3 47. Kf3 Rd3 48. Rac7 Rb3 49. Ke4 Kg7 50. R4c6 Kf6 51. Rc4 Kg7 52. Rc3 Rxc3 53. Rxc3 Kf6 54. Rc5 Rb8 55. Ra5 Rb4+ 56. Kf3 Rb3 57. Ra8 Rb4 58. Kg3 Rb3 59. Ra7 Rc3 60. Rb7 Ra3 61. Rb4 Kg7 62. Rc4 Kf6 63. Rd4 1/2-1/2

[Event "RUS-ch Blitz 2021"]
[Site "Sochi"]
[Date "2021.10.11"]
[Round "8.16"]
[White "Oganian, Miran"]
[Black "Bologan, Victor"]
[Result "0-1"]
[ECO "E61"]
[WhiteElo "2441"]
[BlackElo "2574"]
[Annotator "ChessBase"]
[PlyCount "60"]
[EventDate "2021.10.11"]
[EventType "blitz"]
[EventCountry "RUS"]
[SourceTitle "playchess.com"]
[Source "ChessBase"]
[SourceQuality "1"]
[TimeControl "180+2"]

1. d4 d6 2. Nf3 Nf6 3. c4 g6 4. Nc3 Bf5 5. Nh4 Bd7 6. e4 e5 7. Nf3 Nc6 8. d5 Ne7 9. Be2 Bg7 10. Bg5 h6 11. Be3 Ng4 12. Bd2 f5 13.
Nh4 O-O 14. exf5 gxf5 15. h3 Nf6 16. f4 c6 17. fxe5 dxe5 18.
d6 Nc8 19. c5 Ne4 20. Nxe4 Qxh4+ 21. Nf2 Be6 22. O-O b6 23. b4 e4 24. a3 Qg3 25. Nh1 Bd4+ 26. Nf2 e3 27. Bxe3 Bxe3 28. Qd3 Bd5 29. Bf3 Bxf3 30. Qxe3 Qxg2# 0-1

[Event "RUS-ch Blitz 2021"]
[Site "Sochi"]
[Date "2021.10.11"]
[Round "8.17"]
[White "Grachev, Boris"]
[Black "Pershin, Denis"]
[Result "0-1"]
[ECO "D00"]
[WhiteElo "2615"]
[BlackElo "2388"]
[Annotator "ChessBase"]
[PlyCount "94"]
[EventDate "2021.10.11"]
[EventType "blitz"]
[EventCountry "RUS"]
[SourceTitle "playchess.com"]
[Source "ChessBase"]
[SourceQuality "1"]
[TimeControl "180+2"]

1. d4 d5 2. Bf4 Nf6 3. e3 c5 4. dxc5 e6 5. b4 a5 6. c3 axb4 7. cxb4 Nc6 8. Bb5 Bd7 9. Qb3 Ne4 10. Ne2 Qf6 11. Nbc3 Nxf2 12. O-O Ng4 13. h3 Nge5 14. Nd4 Be7 15. Rf2 O-O 16. Raf1 Qg6 17. Bxe5 Nxe5 18. Bxd7 Nxd7 19. Nxd5 exd5 20. Qxd5 Nf6 21.
Qxb7 Rfe8 22. c6 Rab8 23. Qa6 Bxb4 24. c7 Rbc8 25. Nb5 Nd5 26.
Qxg6 fxg6 27. Rc1 Ba5 28. Rfc2 Bb6 29. Nd6 Bxe3+ 30. Kh1 Bxc1 31. Nxe8 Bf4 32. a4 Kf7 33. Rc5 Kxe8 34. Rxd5 Rxc7 35. g4 Rc2 36. a5 Ra2 37. h4 Ke7 38. h5 gxh5 39. gxh5 Ke6 40. Rb5 Be5 41. Rb6+ Kf5 42. h6 g5 43. a6 g4 44. Rb7 g3 45. Rb1 Rh2+ 46.
Kg1 Bd4+ 47. Kf1 Rh1+ 0-1

[Event "RUS-ch Blitz 2021"]
[Site "Sochi"]
[Date "2021.10.11"]
[Round "8.18"]
[White "Tsydypov, Zhamsaran"]
[Black "Gavrilov, Oleg"]
[Result "1/2-1/2"]
[ECO "C02"]
[WhiteElo "2526"]
[BlackElo "2356"]
[Annotator "ChessBase"]
[PlyCount "193"]
[EventDate "2021.10.11"]
[EventType "blitz"]
[EventCountry "RUS"]
[SourceTitle "playchess.com"]
[Source "ChessBase"]
[SourceQuality "1"]
[TimeControl "180+2"]

1. e4 e6 2. d4 d5 3. e5 b6 4. h4 Ne7 5. Nf3 Qd7 6. c3 c5 7. Bd3 Ba6 8. Bc2 Nbc6 9. a3 f6 10. exf6 gxf6 11. Be3 Nf5 12. Bxf5 exf5 13. Nbd2 Bd6 14. dxc5 bxc5 15. Nb3 d4 16. cxd4 cxd4 17. Nfxd4 O-O 18. Nxf5 Qxf5 19. Qxd6 Qb5 20. Qe6+ Kh8 21. O-O-O Rae8 22. Qd5 Qxd5 23.
Rxd5 Bc4 24. Rc5 Bxb3 25. Rxc6 Rc8 26. Rxc8 Rxc8+ 27. Kb1 a5 28. Bd4 Kg7 29. Bc3 a4 30. Re1 Rd8 31. Kc1 Kg6 32. g4 Rd5 33. f3 Rd3 34. Rf1 f5 35. Bd2 fxg4 36. fxg4 h6 37. h5+ Kg7 38. Rf4 Rd5 39. Bc3+ Kg8 40. Bd4 Rd6 41. Kd2 Re6 42. Be3 Rd6+ 43. Kc3 Bd1 44. Rc4 Kg7 45. Bf4 Re6 46. Rd4 Bb3 47. Kd3 Kf7 48. Rd7+ Kg8 49. Kd4 Bd1 50. Be5 Kf8 51. Kd5 Bb3+ 52. Ke4 Bc2+ 53. Kf4 Rc6 54. Bg7+ Kg8 55. Bc3 Kf8 56. Bd4 Kg8 57. g5 hxg5+ 58. Kxg5 Re6 59. h6 Rg6+ 60. Kh5 Rg2 61. Be5 Bg6+ 62. Kh4 Bc2 63. Rc7 Bf5 64. Rg7+ Rxg7 65. hxg7 Be6 66. b4 axb3 67. Bb2 Kf7 68. Kg5 Ke7 69. Bc3 Bg8 70. Kf5 Kd6 71. Kf6 Bc4 72. Bb2 Bg8 73. Bc1 Bc4 74. Bb2 Bg8 75. Bc3 Bc4 76. Kf5 Bg8 77. Ke4 Kc5 78. Ke5 Kc6 79. Kd4 Bf7 80. Bb2 Bg8 81. Kc3 Kb5 82. Bc1 Bf7 83. Be3 Bg8 84. Bg5 Bf7 85. Be7 Bg8 86. Bf6 Bf7 87. Kd2 Ka4 88. Bb2 Kb5 89. Kd3 Kc5 90. Ke4 Bg8 91. Ke5 Bc4 92. Bc3 Bg8 93. Kf6 Kd6 94. a4 Kc5 95. Ke7 b2 96. Bxb2 Kb4 97. Bc1 1/2-1/2

[Event "RUS-ch Blitz 2021"]
[Site "Sochi"]
[Date "2021.10.11"]
[Round "8.19"]
[White "Tarasov, Alexandr"]
[Black "Kokarev, Dmitry"]
[Result "0-1"]
[ECO "A31"]
[WhiteElo "2348"]
[BlackElo "2579"]
[Annotator "ChessBase"]
[PlyCount "94"]
[EventDate "2021.10.11"]
[EventType "blitz"]
[EventCountry "RUS"]
[SourceTitle "playchess.com"]
[Source "ChessBase"]
[SourceQuality "1"]
[TimeControl "180+2"]

1. d4 Nf6 2. c4 g6 3. g3 c5 4. Nf3 cxd4 5. Nxd4 d6 6. Bg2 h5 7. h3 Bg7 8. Nc3 O-O 9. O-O Nc6 10. e3 Bd7 11. b3 Rb8 12. Bb2 a6 13. Rc1 Nxd4 14. Qxd4 Qc8 15. Nd5 Re8 16. Nb6 Qc7 17. Nxd7 Qxd7 18. Rfd1 b6 19. e4 Qa7 20. f4 Red8 21. Qf2 Qc7 22. e5 Ne8 23. exd6 Rxd6 24. Bxg7 Nxg7 25. Bf3 a5 26. c5 Rxd1+ 27. Bxd1 bxc5 28. Qxc5 Qd8 29. Qc3 Nf5 30. Kf2 Qd6 31. Bf3 Qa3 32. Rc2 Rd8 33. Rd2 Rxd2+ 34. Qxd2 Qc5+ 35. Kg2 h4 36. g4 Nd4 37. Be4 Nb5 38. Bf3 Nd6 39. Qf2 Qb4 40. Qxh4 Qd2+ 41. Qf2 Qxf4 42. Qg3 Qb4 43. Qf2 e5 44. Bd5 Kg7 45. a4 Qc3 46. Qf3 Qd2+ 47. Kg1 e4 0-1